Workbook

Sheet PRESUPUESTO OFICIAL (Entidad)
B1: Formulario 1 - Propuesta económica - Documento tipo de selección abreviada de menor cuantía - versión 1
B2: Versión: 1 del 21 de agosto de 2025
C5: FORMULARIO 1
C6: PRESUPUESTO OFICIAL
C7: [La entidad puede utilizar este formulario de detalle del presupuesto oficial para determinar las condiciones bajo las cuales los proponentes analizarán y presentarán su propuesta económica de forma detallada, sin perjuicio que la entidad pueda modificarlo o establecer la presentación de la oferta económica con un formulario distinto al indicado.]
C9: Adicionalmente, cuando el proceso de contratación es estructurado por precios unitarios, la Entidad debe aplicar las notas 1, 2 y 3 del presente formulario y las casillas de "Descripción", "Porcentaje" de la Administración, Imprevisto, Utilidad y total A.I.U. resaltadas en colo amarillo. Tratándose de otras modalidades de precio, la Entidad puede o no configurar los mismos aspectos.
C10: PROCESO DE SELECCIÓN ABREVIADA No. 076-00-J-EMAVI-GRUAL-2026 CUYO OBEJTO ES: OBRA PÚBLICA PARA EL MANTENIMIENTO Y ADECUACIÓN DE LOS ALOJAMIENTOS DE CADETES DE LA ESCUELA MILITAR DE AVIACIÓN MARCO FIDEL SUÁREZ
C11: PRESUPUESTO OFICIAL $ 1.740.000.000,00
C13: ACTIVIDADES AL GASTO RUBRO A-02-02-02-005-004 SERVICIOS DE CONSTRUCCIÓN $417.600.000,00
C16: Nº | D16: ITEM DE PAGO | E16: ESPECIFICACIONES | G16: DESCRIPCION | H16: UND. | I16: CANTIDAD | J16: VALOR UNITARIO | K16: VALOR TOTAL
E17: GENERAL | F17: PARTICULAR
C18: 1 | D18: PRELIMINARES
C19: 1.01 | D19: 1.01 | E19: 1.01 | F19: 1.01 | G19: DESMONTE DE VIDRIOS Y/O ESPEJOS | H19: m² | I19: 42 | J19: 6056 | K19: =+I19*J19 -> 254352
C20: 1.02 | D20: 1.02 | E20: 1.02 | F20: 1.02 | G20: DESMONTE, RETIRO Y TRANSPORTE A SITIO AUTORIZADO DE ACCESORIOS DEL PUNTO HIDRAULICO EXISTENTE EN EL SITIO A INTERVENINR (GRIFERIAS LAVAMANOS, DUCHAS, GRIFERIA LAVAPLATOS, GRIFERIA LAVADERO, LLAVES TIPO JARDIN Y OTROS), INCLUYE RETIRO DE SOBRANTES | H20: un | I20: 24 | J20: 12765 | K20: =+I20*J20 -> 306360
C21: 1.03 | D21: 1.03 | E21: 1.03 | F21: 1.03 | G21: DESMONTE DE BARANDA METÁLICA | H21: ML | I21: 2 | J21: 13655 | K21: =+I21*J21 -> 27310
C22: 1.04 | D22: 1.04 | E22: 1.04 | F22: 1.04 | G22: DEMOLICIÓN DE POYO DUCHA INCLUYE ACABADOS Y TODOS SUS ACCESORIOS, INCLUYE RETIRO | H22: ML | I22: 40 | J22: 35349 | K22: =+I22*J22 -> 1413960
C23: 1.05 | D23: 1.05 | E23: 1.05 | F23: 1.05 | G23: ESCARIFICACIÓN DE PINTURA EN PAREDES Y ESTRUCTURA DE CONCRETO MENOS DE 1MM, INCLUYE PULIDO Y LIJADO CON DISCO DIAMANTADO | H23: m² | I23: 720 | J23: 2475 | K23: =+I23*J23 -> 1782000
C24: 1.06 | D24: 1.06 | E24: 1.06 | F24: 1.06 | G24: DEMOLICIÓN DE MESÓN EN CONCRETO, INCLUYE RETIRO DE SOBRANTES | H24: ml | I24: 18 | J24: 57391 | K24: =+I24*J24 -> 1033038
C25: 1.07 | D25: 1.07 | E25: 1.07 | F25: 1.07 | G25: DEMOLICIÓN DE MUROS EN BLOQUE / LADRILLO / DRY WALL, DINTELES. INCLUYE RETIRO DEL MATERIAL | H25: m² | I25: 10 | J25: 23458 | K25: =+I25*J25 -> 234580
C26: 1.08 | D26: 1.08 | E26: 1.08 | F26: 1.08 | G26: LOCALIZACIÓN Y REPLANTEO EDIFICIO/MANTENIMIENTO/OBRA | H26: m² | I26: 850 | J26: 4907 | K26: =+I26*J26 -> 4170950
C27: 1.09 | D27: 1.09 | E27: 1.09 | F27: 1.09 | G27: DESMONTE DE PUERTAS METÁLICAS INCLUYE HOJA, MARCO Y TODOS SUS ACCESORIOS, INCLUYE RETIRO | H27: m² | I27: 6 | J27: 22627 | K27: =+I27*J27 -> 135762
C28: 1.1 | D28: 1.1 | E28: 1.1 | F28: 1.1 | G28: CERRAMIENTO EN POLISOMBRA H= 2,00 MTS | H28: ml | I28: 176 | J28: 21487 | K28: =+I28*J28 -> 3781712
C29: 1.11 | D29: 1.11 | E29: 1.11 | F29: 1.11 | G29: DESMONTE DE VENTANERIA, INCLUYE VIDRIO Y ANGEOS | H29: m² | I29: 35 | J29: 11224 | K29: =+I29*J29 -> 392840
C30: 1.12 | D30: 1.12 | E30: 1.12 | F30: 1.12 | G30: RETIRO DE GRANIPLAST EN FACHADA (INCLUYE FILOS Y DILATACIONES) | H30: m² | I30: 60 | J30: 12169 | K30: =+I30*J30 -> 730140
... C37: 1.19 | D37: 1.19 | E37: 1.19 | F37: 1.19 | G37: LIMPIEZA DE CANALES, INCLUYE RETIRO Y DISPOSICIÓN FINAL DE RESIDUOS | H37: ml | I37: 1 | J37: 3440 | K37: =+I37*J37 -> 3440
C38: Subtotal | K38: =+SUM(K19:K37) -> 72362493
C40: 2 | D40: MOVIMIENTO DE TIERRAS
C41: 2.01 | D41: 2.01 | E41: 2.01 | F41: 2.01 | G41: DEMOLICIÓN ANDÉN ESPESOR HASTA 25 CM, INCLUYE RETIRO | H41: m² | I41: 12 | J41: 44676 | K41: =+I41*J41 -> 536112
C42: 2.02 | D42: 2.02 | E42: 2.02 | F42: 2.02 | G42: EXCAVACION MANUAL EN TERRENO CONSISTENTE, INCLUYE CARGUE, RETIRO Y DISPOSICION FINAL DE EXCAVACION | H42: m³ | I42: 22 | J42: 105913 | K42: =+I42*J42 -> 2330086
C43: 2.03 | D43: 2.03 | E43: 2.03 | F43: 2.03 | G43: DEMOLICIÓN ANDÉN ESPESOR HASTA 10 CM, INCLUYE RETIRO | H43: m² | I43: 6 | J43: 22976 | K43: =+I43*J43 -> 137856
C44: Subtotal | K44: =+SUM(K41:K43) -> 3004054
C45: 11 | D45: ACABADOS DE MUROS, PINTURAS Y/O ENCHAPES
C46: 11.01 | D46: 11.01 | E46: 11.01 | F46: 11.01 | G46: ESTUCO Y VINILO TIPO-1, 3 MANOS (INCLUYE FILOS Y DILATACIÓNES) | H46: m² | I46: 1699.3732 | J46: 40218 | K46: =+ROUND(I46*J46,2) -> 68345392
C47: 11.02 | D47: 11.02 | E47: 11.02 | F47: 11.02 | G47: GRANIPLAST ESGRAFIADO FACHADA | H47: m² | I47: 117 | J47: 134454 | K47: =+I47*J47 -> 15731118
C48: 11.03 | D48: 11.03 | E48: 11.03 | F48: 11.03 | G48: ESTUCO Y PINTURA KORAZA (INCLUYE ESTUCO, FILOS Y DILATACIONES) | H48: m² | I48: 645 | J48: 44792 | K48: =+I48*J48 -> 28890840
C49: Subtotal | K49: =+SUM(K46:K48) -> 1.1296735e+08
C50: 13 | D50: ASEO Y RETIRO DE ESCOMBROS
C51: 13.01 | D51: 13.01 | E51: 13.01 | F51: 13.01 | G51: LAMINA METÁLICA EN ACERO GALVANIZADO CAL. 16 MICRO PERFORADA (PERFORACIÓN Y TONO SEGÚN DISEÑO), ACABADO CON PINTURA ELECTROSTÁTICA, INCLUYE ESTRUCTURA DE SOPORTE, ANCLAJE Y TODOS LOS ELEMENTOS PARA SU INSTALACIÓN, EN FACHADA | H51: m² | I51: 110 | J51: 778998 | K51: =+I51*J51 -> 85689780
C52: 13.02 | D52: 13.02 | E52: 13.02 | F52: 13.02 | G52: MANTENIMIENTO DE PUERTA METALICA, CONSISTENTE EN LIMPIEZA, LIJADO, REMOCION DE OXIDO, APLICACIÓN DE ANTICORROSIVO Y PINTURA ESMALTE PARA EXTERIORES A DOS MANOS | H52: m² | I52: 276 | J52: 49324 | K52: =+I52*J52 -> 13613424
C53: 13.03 | D53: 13.03 | E53: 13.03 | F53: 13.03 | G53: MANTENIMIENTO DE COMODA METALICA, PINTURA ESMALTE 2 MANOS INCLUYE CAMBIO DE RIELES, RODAMIENTOS, MANIJAS, CERRADURAS, BISAGRAS, TARJETERO | H53: m² | I53: 210 | J53: 534279 | K53: =+I53*J53 -> 112198590
C54: Subtotal | K54: =+SUM(K51:K53) -> 211501794
C55: 21 | D55: ASEO Y RETIRO DE ESCOMBROS
C56: 21.01 | D56: 21.01 | E56: 21.01 | F56: 21.01 | G56: RETIRO DE SOBRANTES FUERA DE LA UNIDAD | H56: m³ | I56: 160 | J56: 55615 | K56: =+I56*J56 -> 8898400
C57: 21.02 | D57: 21.02 | E57: 21.02 | F57: 21.02 | G57: ASEO GENERAL INTERIOR Y EXTERIOR, FINAL DE OBRA | H57: m² | I57: 1060 | J57: 5262 | K57: =+I57*J57 -> 5577720
C58: Subtotal | K58: =+SUM(K56:K57) -> 14476120
C59: SUBTOTAL ACTIVIDADES AL GASTO RUBRO A-02-02-02-005-004 SERVICIOS DE CONSTRUCCIÓN | K59: =+K38+K44+K49+K54+K58 -> 4.1431181e+08
G62: SUBTOTAL ACTIVIDADES AL GASTO RUBRO A-02-02-02-005-004 SERVICIOS DE CONSTRUCCIÓN | K62: =+K59 -> 4.1431181e+08
G63: IVA (19% SOBRE UTILIDAD DEL 5%) | J63: 0.19 | K63: =ROUND((+K62/(1+AIU!$G$69)*AIU!$G$67*AIU!$G$68),2) -> 3288189
G64: TOTAL ACTIVIDADES AL GASTO RUBRO A-02-02-02-005-004 SERVICIOS DE CONSTRUCCIÓN | K64: =+SUM(K62:K63) -> 417600000
C67: ACTIVIDADES INCREMENTO VALOR DEL BIEN RUBRO A-02-01-01-001-001 VIVIENDAS $ 1.322.400.000
C69: Nº | D69: ITEM DE PAGO | E69: ESPECIFICACIONES | G69: DESCRIPCION | H69: UND. | I69: CANTIDAD | J69: VALOR UNITARIO | K69: VALOR TOTAL
E70: GENERAL | F70: PARTICULAR
C71: 3 | D71: CIMENTACIÓN
C72: 3.01 | D72: 3.01 | E72: 3.01 | F72: 3.01 | G72: NIVELACION Y COMPACTACIÓN DE CAPA SUBRASANTE HASTA ALCANZAR CBR=95% DEL PROCTOR MODIFICADO | H72: m² | I72: 18 | J72: 10586 | K72: =+I72*J72 -> 190548
C73: 3.02 | D73: 3.02 | E73: 3.02 | F73: 3.02 | G73: RELLENO COMPACTADO AL 95% DEL PROCTOR MODIFICADO TIPO SUB-BASE B-200 SEGÚN PLANOS. INCLUYE SUMINISTRO, EXTENDIDO, NIVELACIÓN, HUMEDECIMIENTO Y COMPACTACIÓN. | H73: m³ | I73: 6 | J73: 132863 | K73: =+I73*J73 -> 797178
C74: 3.03 | D74: 3.03 | E74: 3.03 | F74: 3.03 | G74: MALLA ELECTROSOLDADA FY 485 MPA -NTC 5806, INCLUYE ALAMBRE NEGRO TRASIEGO, MANEJO | H74: kg | I74: 84 | J74: 8482 | K74: =+I74*J74 -> 712488
C75: 3.04 | D75: 3.04 | E75: 3.04 | F75: 3.04 | G75: PLACA DE CONTRAPISO EN CONCRETO DE 3.000 PSI IMPERMEABILIZADO, SEGÚN PLANOS. INCLUYE MANO DE OBRA, FORMALETAS, EQUIPOS Y HERRAMIENTAS NECESARIAS, E=0.12 M, NO INCLUYE ACERO DE REFUERZO | H75: m² | I75: 18 | J75: 175077 | K75: =+I75*J75 -> 3151386
C76: Subtotal | K76: =+SUM(K72:K75) -> 4851600
C77: 4 | D77: ESTRUCTURA
C78: 4.01 | D78: 4.01 | E78: 4.01 | F78: 4.01 | G78: COLUMNETAS DE CONFINAMIENTO EN CONCRETO REFORZADO DE 3.000 PSI, DIMENSIONES HASTA 12CM X 12 CM; NO INCLUYE ACERO DE REFUERZO | H78: ml | I78: 18 | J78: 65168 | K78: =+I78*J78 -> 1173024
C79: Subtotal | K79: =+SUM(K78:K78) -> 1173024
C80: 5 | D80: MAMPOSTERÍA
C81: 5.01 | D81: 5.01 | E81: 5.01 | F81: 5.01 | G81: POYO CONCRETO DE 3000 PSI ALTURA HASTA 0.10 ANCHO HASTA DE 0.60 MTS, INCLUYE ACERO DE REFUERZO | H81: ml | I81: 16 | J81: 95892 | K81: =+I81*J81 -> 1534272
C82: 5.02 | D82: 5.02 | E82: 5.02 | F82: 5.02 | G82: MESÓN EN LÁMINA DE MÁRMOL ANCHO 60CM PIEDRA NATURAL COLOR NEGRO ABSOLUTO O SIMILAR (SEGÚN PLANOS, INCLUYE REENGUEZ (4 CMS) Y SALPICADERO DE 0.10CMS | H82: ml | I82: 18.6 | J82: 1267129 | K82: =+I82*J82 -> 23568599
C83: 5.03 | D83: 5.03 | E83: 5.03 | F83: 5.03 | G83: DINTELES CONCRETO DE 3000 PSI 0,15 X0,20, INCLUYE ACERO DE REFUEZO | H83: ML | I83: 82 | J83: 93141 | K83: =+I83*J83 -> 7637562
C84: 5.04 | D84: 5.04 | E84: 5.04 | F84: 5.04 | G84: MURO EN BLOQUE DE ARCILLA NO.5 PERFORACION VERTICAL E=0.115 MTS (0.33X0.115X0.23) MTS INCLUYE, MORTERO DE PEGA MAS ANCLAJE A PLACAS CONTRAPISO Y ENTREPISO | H84: m² | I84: 14 | J84: 123757 | K84: =+I84*J84 -> 1732598
C85: Subtotal | K85: =+SUM(K81:K84) -> 34473031
C86: 6 | D86: INSTALACIONES HIDROSANITARIAS
C87: 6.01 | D87: 6.01 | E87: 6.01 | F87: 6.01 | G87: TAPA REGISTRO PLASTICA 20 X 20 CM | H87: un | I87: 6 | J87: 41295 | K87: =+I87*J87 -> 247770
C88: 6.02 | D88: 6.02 | E88: 6.02 | F88: 6.02 | G88: VÁLVULA DE REGISTRO 3/4" EN PVC | H88: un | I88: 4 | J88: 22468 | K88: =+I88*J88 -> 89872
C89: 6.03 | D89: 6.03 | E89: 6.03 | F89: 6.03 | G89: VÁLVULA DE REGISTRO 1" EN PVC | H89: un | I89: 2 | J89: 31086 | K89: =+I89*J89 -> 62172
C90: 6.04 | D90: 6.04 | E90: 6.04 | F90: 6.04 | G90: VÁLVULA DE REGISTRO 1 1/2" EN PVC | H90: un | I90: 2 | J90: 39465 | K90: =+I90*J90 -> 78930
C91: 6.05 | D91: 6.05 | E91: 6.05 | F91: 6.05 | G91: TAPA REGISTRO PLASTICA 15 X 15 CM | H91: un | I91: 4 | J91: 21788 | K91: =+I91*J91 -> 87152
C92: 6.06 | D92: 6.06 | E92: 6.06 | F92: 6.06 | G92: TUBERÍA PVC SANITARIA Ø 6", INCLUYE ACCESORIOS PARA SU CORRECTA INSTALACION | H92: ml | I92: 50 | J92: 78222 | K92: =+I92*J92 -> 3911100
C93: 6.07 | D93: 6.07 | E93: 6.07 | F93: 6.07 | G93: TUBERÍA PVC SANITARIA Ø 4", INCLUYE ACCESORIOS PARA SU CORRECTA INSTALACION | H93: ml | I93: 42 | J93: 83115 | K93: =+I93*J93 -> 3490830
C94: 6.08 | D94: 6.08 | E94: 6.08 | F94: 6.08 | G94: DESMONTE TUBERÍA SANITARIA DE Ø 2" A Ø 6" | H94: ml | I94: 60 | J94: 14030 | K94: =+I94*J94 -> 841800
C95: 6.09 | D95: 6.09 | E95: 6.09 | F95: 6.09 | G95: TAPA EN LÁMINA ALFAJOR | H95: m² | I95: 15 | J95: 499738 | K95: =+I95*J95 -> 7496070
C96: 6.1 | D96: 6.1 | E96: 6.1 | F96: 6.1 | G96: REGISTRO DE AGUA INCLUYE TAPA Y CAJA Ø 1/2" | H96: un | I96: 8 | J96: 465299 | K96: =+I96*J96 -> 3722392
C97: 6.11 | D97: 6.11 | E97: 6.11 | F97: 6.11 | G97: REGISTRO DE AGUA INCLUYE TAPA Y CAJA Ø 3/4" PARA EXTERIORES | H97: un | I97: 1 | J97: 271784 | K97: =+I97*J97 -> 271784
C98: 6.12 | D98: 6.12 | E98: 6.12 | F98: 6.12 | G98: REGISTRO DE AGUA TIPO CORTINA INCLUYE TAPA Y CAJA Ø 3/4" | H98: un | I98: 6 | J98: 157198 | K98: =+I98*J98 -> 943188
C99: Subtotal | K99: =+SUM(K87:K98) -> 21243060
C100: 7 | D100: INSTALACIONES ELECTRICAS
C101: 7.01 | D101: 7.01 | E101: 7.01 | F101: 7.01 | G101: MANTENIMIENTO DE CAJA DE INSPECCIÓN EXISTENTE SEGÚN NORMA CS 275 O SIMILAR DE ACUERDO AL OPERADOR DE RED QUE APLIQUE, INCLUYE LIMPIEZA DE LA CAJA, RESANE DE MUROS, APLICACIÓN DE PAÑETE, REPARACION Y/O CAMBIO DE MARCO Y TAPA, ADECUACIÓN E INSTALACIÓN DE CAMPANA | H101: un | I101: 2 | J101: 1067299 | K101: =+I101*J101 -> 2134598
C102: 7.02 | D102: 7.02 | E102: 7.02 | F102: 7.02 | G102: MANTENIMIENTO DE CAJA DE INSPECCÓN EXISTENTE SEGÚN NORMA CS 276 O SIMILAR DE ACUERDO AL OPERADOR DE RED QUE APLIQUE, INCLUYE LIMPIEZA DE LA CAJA, RESANE DE MUROS, APLICACIÓN DE PAÑETE, REPARACION Y/O CAMBIO DE MARCO Y TAPA, ADECUACIÓN E INSTALACIÓN DE CAMPANA PARA DUCTERIAS ADICIONALES | H102: un | I102: 2 | J102: 835962 | K102: =+I102*J102 -> 1671924
C103: 7.03 | D103: 7.03 | E103: 7.03 | F103: 7.03 | G103: MANTENIMIENTO DE TABLEROS MONOFÁSICOS, BIFÁSICOS, TRIFÁSICOS, TABLEROS DE CONTROL DE SALIDAS ESPECIALES Y TABLEROS DE CONTROL DE ILUMINACIÓN EXISTENTES, INCLUYE LA VERIFICACIÓN Y REDISTRIBUCIÓN INTERNA DE LAS PROTECCIONES ELÉCTRICAS, BARRAJES Y ELEMENTOS DE FIJACIÓN CONFORME AL CUADRO DE CARGAS Y/O DIAGRAMA UNIFILAR, ASÍ MISMO DEBE INCLUIR TODOS LOS ELEMENTOS Y/O ACCESORIOS NECESARIOS PARA SU CORRECTA INSTALACIÓN Y PUESTA EN FUNCIONAMIENTO. | H103: un | I103: 3 | J103: 373004 | K103: =+I103*J103 -> 1119012
C104: 7.04 | D104: 7.04 | E104: 7.04 | F104: 7.04 | G104: DESMONTE, RETIRO Y TRANSPORTE A SITIO AUTORIZADO DE SALIDAS ELÉCTRICAS EXISTENTE EN EL SITIO A INTERVENIR (TOMAS, LUMINARIAS, INTERRUPTORES, TUBERÍA, CABLEADO, CAJA, ETC.) DE ACUERDO A LA DESCRIPCIÓN EN LAS ESPECIFICACIONES TÉCNICAS, ESTOS ELEMENTOS DEBERÁN SER ENTREGADOS A LA UNIDAD MEDIANTE ACTA. | H104: un | I104: 8 | J104: 9596 | K104: =+I104*J104 -> 76768
C105: 7.05 | D105: 7.05 | E105: 7.05 | F105: 7.05 | G105: INTERRUPTOR TRIPOLAR TERMOMAGNÉTICO FIJO, TAMAÑO 125, 65 KA 240 V, DRX 125, I NOMINAL 125A, DE ACUERDO A DIAGRAMA UNIFILAR O CUADRO DE CARGAS | H105: un | I105: 1 | J105: 1583733 | K105: =+I105*J105 -> 1583733
C106: 7.06 | D106: 7.06 | E106: 7.06 | F106: 7.06 | G106: DUCTERÍA TIPO IMC DE 1 X Ø1" INCLUYE UNIÓN, CURVAS, TERMINALES, CAJAS DE PASO Y TODOS LOS ELEMENTOS NECESARIOS PARA SU CORRECTA INSTALACIÓN Y PUESTA EN FUNCIONAMIENTO | H106: ml | I106: 1 | J106: 41458 | K106: =+I106*J106 -> 41458
C107: 7.07 | D107: 7.07 | E107: 7.07 | F107: 7.07 | G107: DUCTERIA TIPO PVC CONDUIT Ø 1/2" | H107: ml | I107: 28 | J107: 9754 | K107: =+I107*J107 -> 273112
C108: 7.08 | D108: 7.08 | E108: 7.08 | F108: 7.08 | G108: DUCTERÍA TIPO EMT DE 1 X Ø 3/4" INCLUYE UNIÓN, CURVAS, TERMINALES, CONDULETAS Y TODOS LOS ELEMENTOS NECESARIOS PARA SU CORRECTA INSTALACIÓN Y PUESTA EN FUNCIONAMIENTO | H108: ml | I108: 108 | J108: 19552 | K108: =+I108*J108 -> 2111616
C109: 7.09 | D109: 7.09 | E109: 7.09 | F109: 7.09 | G109: DESMONTE, RETIRO Y TRANSPORTE A SITIO AUTORIZADO DEL SISTEMA ELÉCTRICO OBSOLETO EN EL ÁREA A INTERVENIR (TABLEROS ELÉCTRICOS, CUCHILLAS DE PROTECCIÓN, TUBERÍA PVC, EMT E IMC, ETC.) ESTOS ELEMENTOS DEBERÁN SER ENTREGADOS AL SUPERVISOR MEDIANTE ACTA. | H109: un | I109: 2 | J109: 913316 | K109: =+I109*J109 -> 1826632
C110: 7.1 | D110: 7.1 | E110: 7.1 | F110: 7.1 | G110: DUCTERÍA TIPO IMC DE 1 X Ø3/4" INCLUYE UNIÓN, CURVAS, TERMINALES, CONDULETAS Y TODOS LOS ELEMENTOS NECESARIOS PARA SU CORRECTA INSTALACIÓN Y PUESTA EN FUNCIONAMIENTO | H110: ml | I110: 125 | J110: 30373 | K110: =+I110*J110 -> 3796625
C111: 7.11 | D111: 7.11 | E111: 7.11 | F111: 7.11 | G111: CORTACIRCUITOS ATORNILLABLES TERMOMAGNÉTICOS AUTOMÁTICOS BIPOLARES, 10 KA A 120/240 V DSA-2030 CORRIENTE NOMINAL: 30 A. | H111: un | I111: 9 | J111: 269908 | K111: =+I111*J111 -> 2429172
C112: 7.12 | D112: 7.12 | E112: 7.12 | F112: 7.12 | G112: CORTACIRCUITOS ATORNILLABLES TERMOMAGNÉTICOS AUTOMÁTICOS MONOPOLARES, 10 KA A 120/240 V DSA-1020 CORRIENTE NOMINAL: 20 A. | H112: un | I112: 12 | J112: 133590 | K112: =+I112*J112 -> 1603080
... C132: 7.32 | D132: 7.32 | E132: 7.32 | F132: 7.32 | G132: CABLE ANTIFLAMA 2X16 FPLR/FRL OS 300 V PVS TC SR, PARA SISTEMAS CONTRAINCENDIOS, INCLUYE TODOS LOS ACCERORIOS PARA SU CORRECTA INSTALACIÓN Y PUESTA EN SERVICIO. | H132: ML | I132: 1853 | J132: 16009 | K132: =+I132*J132 -> 29664677
C133: Subtotal | K133: =+SUM(K101:K132) -> 169329982
C134: 8 | D134: PAÑETES O REPELLOS
C135: 8.01 | D135: 8.01 | E135: 8.01 | F135: 8.01 | G135: PAÑETE IMPERMEABILIZADO MUROS 1:3 - E= 15 MM. INCLUYE SU APLICACIÓN EN FILOS, CARTERAS Y DILATACIONES, INTERNO Y EXTERNO | H135: m² | I135: 520 | J135: 38068 | K135: =+I135*J135 -> 19795360
C136: Subtotal | K136: =+SUM(K135:K135) -> 19795360
C137: 9 | D137: CIELORRASO
...

Sheet PROPUESTA ECONOMICA(Proponente)
B1: Formulario 1 - Propuesta económica - Documento tipo de selección abreviada de menor cuantía - versión 1
B2: Versión: 1 del 21 de agosto de 2025
C5: FORMULARIO 1
C6: PROPUESTA ECONOMICA
C7: [La entidad puede utilizar este formulario de presentación de propuesta económica de forma detallada, sin perjuicio que la entidad pueda modificarlo o establecer la presentación de la oferta económica con un formulario distinto al indicado.] [Los proponentes emplearán el formulario establecido por la entidad para determinar su propuesta económica conforme al Formulario 1 - Presupuesto Oficial publicado por la Entidad] [En caso de modificar el formulario, es importante tener en cuenta que no se deben incluir causales de rechazo, reglas o parámetros contrarios a los definidos en el documento base. Los términos del proceso solo se encuentran en el Documento Base, por lo que la Entidad no deberá incluir ningún tipo de notas que se configuren en reglas contrarias a las definidas en dicho documento, las notas únicamente pueden ser aclaratorias para efectos del diligenciamiento del formato]
C9: Cuando el proceso de contratación es estructurado por precios unitarios, la Entidad debe aplicar las notas 1, 2 y 3 del presente formato y las casillas de "Descripción", "Porcentaje" de la Administración, Imprevisto, Utilidad y total A.I.U. resaltadas en color amarillo.
C10: =+'PRESUPUESTO OFICIAL (Entidad)'!C10 -> PROCESO DE SELECCIÓN ABREVIADA No. 076-00-J-EMAVI-GRUAL-2026 CUYO OBEJTO ES: OBRA PÚBLICA PARA EL MANTENIMIENTO Y ADECUACIÓN DE LOS ALOJAMIENTOS DE CADETES DE LA ESCUELA MILITAR DE AVIACIÓN MARCO FIDEL SUÁREZ
C13: =+'PRESUPUESTO OFICIAL (Entidad)'!C13 -> ACTIVIDADES AL GASTO RUBRO A-02-02-02-005-004 SERVICIOS DE CONSTRUCCIÓN $417.600.000,00
C16: Nº | D16: ITEM DE PAGO | E16: ESPECIFICACIONES | G16: DESCRIPCION | H16: UND. | I16: CANTIDAD | J16: VALOR UNITARIO | K16: VALOR TOTAL
E17: GENERAL | F17: PARTICULAR
C18: 1 | D18: PRELIMINARES
C19: 1.01 | D19: 1.01 | E19: 1.01 | F19: 1.01 | G19: DESMONTE DE VIDRIOS Y/O ESPEJOS | H19: m² | I19: 42 | K19: =I19*J19 -> 0
C20: 1.02 | D20: 1.02 | E20: 1.02 | F20: 1.02 | G20: DESMONTE, RETIRO Y TRANSPORTE A SITIO AUTORIZADO DE ACCESORIOS DEL PUNTO HIDRAULICO EXISTENTE EN EL SITIO A INTERVENINR (GRIFERIAS LAVAMANOS, DUCHAS, GRIFERIA LAVAPLATOS, GRIFERIA LAVADERO, LLAVES TIPO JARDIN Y OTROS), INCLUYE RETIRO DE SOBRANTES | H20: un | I20: 24 | K20: =I20*J20 -> 0
C21: 1.03 | D21: 1.03 | E21: 1.03 | F21: 1.03 | G21: DESMONTE DE BARANDA METÁLICA | H21: ML | I21: 2 | K21: =I21*J21 -> 0
C22: 1.04 | D22: 1.04 | E22: 1.04 | F22: 1.04 | G22: DEMOLICIÓN DE POYO DUCHA INCLUYE ACABADOS Y TODOS SUS ACCESORIOS, INCLUYE RETIRO | H22: ML | I22: 40 | K22: =I22*J22 -> 0
C23: 1.05 | D23: 1.05 | E23: 1.05 | F23: 1.05 | G23: ESCARIFICACIÓN DE PINTURA EN PAREDES Y ESTRUCTURA DE CONCRETO MENOS DE 1MM, INCLUYE PULIDO Y LIJADO CON DISCO DIAMANTADO | H23: m² | I23: 720 | K23: =I23*J23 -> 0
C24: 1.06 | D24: 1.06 | E24: 1.06 | F24: 1.06 | G24: DEMOLICIÓN DE MESÓN EN CONCRETO, INCLUYE RETIRO DE SOBRANTES | H24: ml | I24: 18 | K24: =I24*J24 -> 0
C25: 1.07 | D25: 1.07 | E25: 1.07 | F25: 1.07 | G25: DEMOLICIÓN DE MUROS EN BLOQUE / LADRILLO / DRY WALL, DINTELES. INCLUYE RETIRO DEL MATERIAL | H25: m² | I25: 10 | K25: =I25*J25 -> 0
C26: 1.08 | D26: 1.08 | E26: 1.08 | F26: 1.08 | G26: LOCALIZACIÓN Y REPLANTEO EDIFICIO/MANTENIMIENTO/OBRA | H26: m² | I26: 850 | K26: =I26*J26 -> 0
C27: 1.09 | D27: 1.09 | E27: 1.09 | F27: 1.09 | G27: DESMONTE DE PUERTAS METÁLICAS INCLUYE HOJA, MARCO Y TODOS SUS ACCESORIOS, INCLUYE RETIRO | H27: m² | I27: 6 | K27: =I27*J27 -> 0
C28: 1.1 | D28: 1.1 | E28: 1.1 | F28: 1.1 | G28: CERRAMIENTO EN POLISOMBRA H= 2,00 MTS | H28: ml | I28: 176 | K28: =I28*J28 -> 0
C29: 1.11 | D29: 1.11 | E29: 1.11 | F29: 1.11 | G29: DESMONTE DE VENTANERIA, INCLUYE VIDRIO Y ANGEOS | H29: m² | I29: 35 | K29: =I29*J29 -> 0
C30: 1.12 | D30: 1.12 | E30: 1.12 | F30: 1.12 | G30: RETIRO DE GRANIPLAST EN FACHADA (INCLUYE FILOS Y DILATACIONES) | H30: m² | I30: 60 | K30: =I30*J30 -> 0
... C37: 1.19 | D37: 1.19 | E37: 1.19 | F37: 1.19 | G37: LIMPIEZA DE CANALES, INCLUYE RETIRO Y DISPOSICIÓN FINAL DE RESIDUOS | H37: ml | I37: 1 | K37: =I37*J37 -> 0
C38: Subtotal | K38: =+SUM(K19:K37) -> 0
C40: 2 | D40: MOVIMIENTO DE TIERRAS
C41: 2.01 | D41: 2.01 | E41: 2.01 | F41: 2.01 | G41: DEMOLICIÓN ANDÉN ESPESOR HASTA 25 CM, INCLUYE RETIRO | H41: m² | I41: 12 | K41: =I41*J41 -> 0
C42: 2.02 | D42: 2.02 | E42: 2.02 | F42: 2.02 | G42: EXCAVACION MANUAL EN TERRENO CONSISTENTE, INCLUYE CARGUE, RETIRO Y DISPOSICION FINAL DE EXCAVACION | H42: m³ | I42: 22 | K42: =I42*J42 -> 0
C43: 2.03 | D43: 2.03 | E43: 2.03 | F43: 2.03 | G43: DEMOLICIÓN ANDÉN ESPESOR HASTA 10 CM, INCLUYE RETIRO | H43: m² | I43: 6 | K43: =I43*J43 -> 0
C44: Subtotal | K44: =+SUM(K41:K43) -> 0
C45: 11 | D45: ACABADOS DE MUROS, PINTURAS Y/O ENCHAPES
C46: 11.01 | D46: 11.01 | E46: 11.01 | F46: 11.01 | G46: ESTUCO Y VINILO TIPO-1, 3 MANOS (INCLUYE FILOS Y DILATACIÓNES) | H46: m² | I46: 1699.3732 | K46: =I46*J46 -> 0
C47: 11.02 | D47: 11.02 | E47: 11.02 | F47: 11.02 | G47: GRANIPLAST ESGRAFIADO FACHADA | H47: m² | I47: 117 | K47: =I47*J47 -> 0
C48: 11.03 | D48: 11.03 | E48: 11.03 | F48: 11.03 | G48: ESTUCO Y PINTURA KORAZA (INCLUYE ESTUCO, FILOS Y DILATACIONES) | H48: m² | I48: 645 | K48: =I48*J48 -> 0
C49: Subtotal | K49: =+SUM(K46:K48) -> 0
C50: 13 | D50: ASEO Y RETIRO DE ESCOMBROS
C51: 13.01 | D51: 13.01 | E51: 13.01 | F51: 13.01 | G51: LAMINA METÁLICA EN ACERO GALVANIZADO CAL. 16 MICRO PERFORADA (PERFORACIÓN Y TONO SEGÚN DISEÑO), ACABADO CON PINTURA ELECTROSTÁTICA, INCLUYE ESTRUCTURA DE SOPORTE, ANCLAJE Y TODOS LOS ELEMENTOS PARA SU INSTALACIÓN, EN FACHADA | H51: m² | I51: 110 | K51: =I51*J51 -> 0
C52: 13.02 | D52: 13.02 | E52: 13.02 | F52: 13.02 | G52: MANTENIMIENTO DE PUERTA METALICA, CONSISTENTE EN LIMPIEZA, LIJADO, REMOCION DE OXIDO, APLICACIÓN DE ANTICORROSIVO Y PINTURA ESMALTE PARA EXTERIORES A DOS MANOS | H52: m² | I52: 276 | K52: =I52*J52 -> 0
C53: 13.03 | D53: 13.03 | E53: 13.03 | F53: 13.03 | G53: MANTENIMIENTO DE COMODA METALICA, PINTURA ESMALTE 2 MANOS INCLUYE CAMBIO DE RIELES, RODAMIENTOS, MANIJAS, CERRADURAS, BISAGRAS, TARJETERO | H53: m² | I53: 210 | K53: =I53*J53 -> 0
C54: Subtotal | K54: =+SUM(K51:K53) -> 0
C55: 21 | D55: ASEO Y RETIRO DE ESCOMBROS
C56: 21.01 | D56: 21.01 | E56: 21.01 | F56: 21.01 | G56: RETIRO DE SOBRANTES FUERA DE LA UNIDAD | H56: m³ | I56: 160 | K56: =I56*J56 -> 0
C57: 21.02 | D57: 21.02 | E57: 21.02 | F57: 21.02 | G57: ASEO GENERAL INTERIOR Y EXTERIOR, FINAL DE OBRA | H57: m² | I57: 1060 | K57: =I57*J57 -> 0
C58: Subtotal | K58: =+SUM(K56:K57) -> 0
C59: SUBTOTAL ACTIVIDADES AL GASTO RUBRO A-02-02-02-005-004 SERVICIOS DE CONSTRUCCIÓN | K59: =+K38+K44+K49+K54+K58 -> 0
G62: SUBTOTAL ACTIVIDADES AL GASTO RUBRO A-02-02-02-005-004 SERVICIOS DE CONSTRUCCIÓN | K62: =+K59 -> 0
G63: IVA (19% SOBRE UTILIDAD DEL 5%) | J63: 0.19 | K63: =ROUND((+K62/(1+K198)*K197*J63),2) -> 0
G64: TOTAL ACTIVIDADES AL GASTO RUBRO A-02-02-02-005-004 SERVICIOS DE CONSTRUCCIÓN | K64: =+SUM(K62:K63) -> 0
C69: =+'PRESUPUESTO OFICIAL (Entidad)'!C67 -> ACTIVIDADES INCREMENTO VALOR DEL BIEN RUBRO A-02-01-01-001-001 VIVIENDAS $ 1.322.400.000
C71: Nº | D71: ITEM DE PAGO | E71: ESPECIFICACIONES | G71: DESCRIPCION | H71: UND. | I71: CANTIDAD | J71: VALOR UNITARIO | K71: VALOR TOTAL
E72: GENERAL | F72: PARTICULAR
C73: 3 | D73: CIMENTACIÓN
C74: 3.01 | D74: 3.01 | E74: 3.01 | F74: 3.01 | G74: NIVELACION Y COMPACTACIÓN DE CAPA SUBRASANTE HASTA ALCANZAR CBR=95% DEL PROCTOR MODIFICADO | H74: m² | I74: 18 | K74: =I74*J74 -> 0
C75: 3.02 | D75: 3.02 | E75: 3.02 | F75: 3.02 | G75: RELLENO COMPACTADO AL 95% DEL PROCTOR MODIFICADO TIPO SUB-BASE B-200 SEGÚN PLANOS. INCLUYE SUMINISTRO, EXTENDIDO, NIVELACIÓN, HUMEDECIMIENTO Y COMPACTACIÓN. | H75: m³ | I75: 6 | K75: =I75*J75 -> 0
C76: 3.03 | D76: 3.03 | E76: 3.03 | F76: 3.03 | G76: MALLA ELECTROSOLDADA FY 485 MPA -NTC 5806, INCLUYE ALAMBRE NEGRO TRASIEGO, MANEJO | H76: kg | I76: 84 | K76: =I76*J76 -> 0
C77: 3.04 | D77: 3.04 | E77: 3.04 | F77: 3.04 | G77: PLACA DE CONTRAPISO EN CONCRETO DE 3.000 PSI IMPERMEABILIZADO, SEGÚN PLANOS. INCLUYE MANO DE OBRA, FORMALETAS, EQUIPOS Y HERRAMIENTAS NECESARIAS, E=0.12 M, NO INCLUYE ACERO DE REFUERZO | H77: m² | I77: 18 | K77: =I77*J77 -> 0
C78: Subtotal | K78: =+SUM(K74:K77) -> 0
C79: 4 | D79: ESTRUCTURA
C80: 4.01 | D80: 4.01 | E80: 4.01 | F80: 4.01 | G80: COLUMNETAS DE CONFINAMIENTO EN CONCRETO REFORZADO DE 3.000 PSI, DIMENSIONES HASTA 12CM X 12 CM; NO INCLUYE ACERO DE REFUERZO | H80: ml | I80: 18 | K80: =I80*J80 -> 0
C81: Subtotal | K81: =+SUM(K80:K80) -> 0
C82: 5 | D82: MAMPOSTERÍA
C83: 5.01 | D83: 5.01 | E83: 5.01 | F83: 5.01 | G83: POYO CONCRETO DE 3000 PSI ALTURA HASTA 0.10 ANCHO HASTA DE 0.60 MTS, INCLUYE ACERO DE REFUERZO | H83: ml | I83: 16 | K83: =I83*J83 -> 0
C84: 5.02 | D84: 5.02 | E84: 5.02 | F84: 5.02 | G84: MESÓN EN LÁMINA DE MÁRMOL ANCHO 60CM PIEDRA NATURAL COLOR NEGRO ABSOLUTO O SIMILAR (SEGÚN PLANOS, INCLUYE REENGUEZ (4 CMS) Y SALPICADERO DE 0.10CMS | H84: ml | I84: 18.6 | K84: =I84*J84 -> 0
C85: 5.03 | D85: 5.03 | E85: 5.03 | F85: 5.03 | G85: DINTELES CONCRETO DE 3000 PSI 0,15 X0,20, INCLUYE ACERO DE REFUEZO | H85: ML | I85: 82 | K85: =I85*J85 -> 0
C86: 5.04 | D86: 5.04 | E86: 5.04 | F86: 5.04 | G86: MURO EN BLOQUE DE ARCILLA NO.5 PERFORACION VERTICAL E=0.115 MTS (0.33X0.115X0.23) MTS INCLUYE, MORTERO DE PEGA MAS ANCLAJE A PLACAS CONTRAPISO Y ENTREPISO | H86: m² | I86: 14 | K86: =I86*J86 -> 0
C87: Subtotal | K87: =+SUM(K83:K86) -> 0
C88: 6 | D88: INSTALACIONES HIDROSANITARIAS
C89: 6.01 | D89: 6.01 | E89: 6.01 | F89: 6.01 | G89: TAPA REGISTRO PLASTICA 20 X 20 CM | H89: un | I89: 6 | K89: =I89*J89 -> 0
C90: 6.02 | D90: 6.02 | E90: 6.02 | F90: 6.02 | G90: VÁLVULA DE REGISTRO 3/4" EN PVC | H90: un | I90: 4 | K90: =I90*J90 -> 0
C91: 6.03 | D91: 6.03 | E91: 6.03 | F91: 6.03 | G91: VÁLVULA DE REGISTRO 1" EN PVC | H91: un | I91: 2 | K91: =I91*J91 -> 0
C92: 6.04 | D92: 6.04 | E92: 6.04 | F92: 6.04 | G92: VÁLVULA DE REGISTRO 1 1/2" EN PVC | H92: un | I92: 2 | K92: =I92*J92 -> 0
C93: 6.05 | D93: 6.05 | E93: 6.05 | F93: 6.05 | G93: TAPA REGISTRO PLASTICA 15 X 15 CM | H93: un | I93: 4 | K93: =I93*J93 -> 0
C94: 6.06 | D94: 6.06 | E94: 6.06 | F94: 6.06 | G94: TUBERÍA PVC SANITARIA Ø 6", INCLUYE ACCESORIOS PARA SU CORRECTA INSTALACION | H94: ml | I94: 50 | K94: =I94*J94 -> 0
C95: 6.07 | D95: 6.07 | E95: 6.07 | F95: 6.07 | G95: TUBERÍA PVC SANITARIA Ø 4", INCLUYE ACCESORIOS PARA SU CORRECTA INSTALACION | H95: ml | I95: 42 | K95: =I95*J95 -> 0
C96: 6.08 | D96: 6.08 | E96: 6.08 | F96: 6.08 | G96: DESMONTE TUBERÍA SANITARIA DE Ø 2" A Ø 6" | H96: ml | I96: 60 | K96: =I96*J96 -> 0
C97: 6.09 | D97: 6.09 | E97: 6.09 | F97: 6.09 | G97: TAPA EN LÁMINA ALFAJOR | H97: m² | I97: 15 | K97: =I97*J97 -> 0
C98: 6.1 | D98: 6.1 | E98: 6.1 | F98: 6.1 | G98: REGISTRO DE AGUA INCLUYE TAPA Y CAJA Ø 1/2" | H98: un | I98: 8 | K98: =I98*J98 -> 0
C99: 6.11 | D99: 6.11 | E99: 6.11 | F99: 6.11 | G99: REGISTRO DE AGUA INCLUYE TAPA Y CAJA Ø 3/4" PARA EXTERIORES | H99: un | I99: 1 | K99: =I99*J99 -> 0
C100: 6.12 | D100: 6.12 | E100: 6.12 | F100: 6.12 | G100: REGISTRO DE AGUA TIPO CORTINA INCLUYE TAPA Y CAJA Ø 3/4" | H100: un | I100: 6 | K100: =I100*J100 -> 0
C101: Subtotal | K101: =+SUM(K89:K100) -> 0
C102: 7 | D102: INSTALACIONES ELECTRICAS
C103: 7.01 | D103: 7.01 | E103: 7.01 | F103: 7.01 | G103: MANTENIMIENTO DE CAJA DE INSPECCIÓN EXISTENTE SEGÚN NORMA CS 275 O SIMILAR DE ACUERDO AL OPERADOR DE RED QUE APLIQUE, INCLUYE LIMPIEZA DE LA CAJA, RESANE DE MUROS, APLICACIÓN DE PAÑETE, REPARACION Y/O CAMBIO DE MARCO Y TAPA, ADECUACIÓN E INSTALACIÓN DE CAMPANA | H103: un | I103: 2 | K103: =I103*J103 -> 0
C104: 7.02 | D104: 7.02 | E104: 7.02 | F104: 7.02 | G104: MANTENIMIENTO DE CAJA DE INSPECCÓN EXISTENTE SEGÚN NORMA CS 276 O SIMILAR DE ACUERDO AL OPERADOR DE RED QUE APLIQUE, INCLUYE LIMPIEZA DE LA CAJA, RESANE DE MUROS, APLICACIÓN DE PAÑETE, REPARACION Y/O CAMBIO DE MARCO Y TAPA, ADECUACIÓN E INSTALACIÓN DE CAMPANA PARA DUCTERIAS ADICIONALES | H104: un | I104: 2 | K104: =I104*J104 -> 0
C105: 7.03 | D105: 7.03 | E105: 7.03 | F105: 7.03 | G105: MANTENIMIENTO DE TABLEROS MONOFÁSICOS, BIFÁSICOS, TRIFÁSICOS, TABLEROS DE CONTROL DE SALIDAS ESPECIALES Y TABLEROS DE CONTROL DE ILUMINACIÓN EXISTENTES, INCLUYE LA VERIFICACIÓN Y REDISTRIBUCIÓN INTERNA DE LAS PROTECCIONES ELÉCTRICAS, BARRAJES Y ELEMENTOS DE FIJACIÓN CONFORME AL CUADRO DE CARGAS Y/O DIAGRAMA UNIFILAR, ASÍ MISMO DEBE INCLUIR TODOS LOS ELEMENTOS Y/O ACCESORIOS NECESARIOS PARA SU CORRECTA INSTALACIÓN Y PUESTA EN FUNCIONAMIENTO. | H105: un | I105: 3 | K105: =I105*J105 -> 0
C106: 7.04 | D106: 7.04 | E106: 7.04 | F106: 7.04 | G106: DESMONTE, RETIRO Y TRANSPORTE A SITIO AUTORIZADO DE SALIDAS ELÉCTRICAS EXISTENTE EN EL SITIO A INTERVENIR (TOMAS, LUMINARIAS, INTERRUPTORES, TUBERÍA, CABLEADO, CAJA, ETC.) DE ACUERDO A LA DESCRIPCIÓN EN LAS ESPECIFICACIONES TÉCNICAS, ESTOS ELEMENTOS DEBERÁN SER ENTREGADOS A LA UNIDAD MEDIANTE ACTA. | H106: un | I106: 8 | K106: =I106*J106 -> 0
C107: 7.05 | D107: 7.05 | E107: 7.05 | F107: 7.05 | G107: INTERRUPTOR TRIPOLAR TERMOMAGNÉTICO FIJO, TAMAÑO 125, 65 KA 240 V, DRX 125, I NOMINAL 125A, DE ACUERDO A DIAGRAMA UNIFILAR O CUADRO DE CARGAS | H107: un | I107: 1 | K107: =I107*J107 -> 0
C108: 7.06 | D108: 7.06 | E108: 7.06 | F108: 7.06 | G108: DUCTERÍA TIPO IMC DE 1 X Ø1" INCLUYE UNIÓN, CURVAS, TERMINALES, CAJAS DE PASO Y TODOS LOS ELEMENTOS NECESARIOS PARA SU CORRECTA INSTALACIÓN Y PUESTA EN FUNCIONAMIENTO | H108: ml | I108: 1 | K108: =I108*J108 -> 0
C109: 7.07 | D109: 7.07 | E109: 7.07 | F109: 7.07 | G109: DUCTERIA TIPO PVC CONDUIT Ø 1/2" | H109: ml | I109: 28 | K109: =I109*J109 -> 0
C110: 7.08 | D110: 7.08 | E110: 7.08 | F110: 7.08 | G110: DUCTERÍA TIPO EMT DE 1 X Ø 3/4" INCLUYE UNIÓN, CURVAS, TERMINALES, CONDULETAS Y TODOS LOS ELEMENTOS NECESARIOS PARA SU CORRECTA INSTALACIÓN Y PUESTA EN FUNCIONAMIENTO | H110: ml | I110: 108 | K110: =I110*J110 -> 0
C111: 7.09 | D111: 7.09 | E111: 7.09 | F111: 7.09 | G111: DESMONTE, RETIRO Y TRANSPORTE A SITIO AUTORIZADO DEL SISTEMA ELÉCTRICO OBSOLETO EN EL ÁREA A INTERVENIR (TABLEROS ELÉCTRICOS, CUCHILLAS DE PROTECCIÓN, TUBERÍA PVC, EMT E IMC, ETC.) ESTOS ELEMENTOS DEBERÁN SER ENTREGADOS AL SUPERVISOR MEDIANTE ACTA. | H111: un | I111: 2 | K111: =I111*J111 -> 0
C112: 7.1 | D112: 7.1 | E112: 7.1 | F112: 7.1 | G112: DUCTERÍA TIPO IMC DE 1 X Ø3/4" INCLUYE UNIÓN, CURVAS, TERMINALES, CONDULETAS Y TODOS LOS ELEMENTOS NECESARIOS PARA SU CORRECTA INSTALACIÓN Y PUESTA EN FUNCIONAMIENTO | H112: ml | I112: 125 | K112: =I112*J112 -> 0
C113: 7.11 | D113: 7.11 | E113: 7.11 | F113: 7.11 | G113: CORTACIRCUITOS ATORNILLABLES TERMOMAGNÉTICOS AUTOMÁTICOS BIPOLARES, 10 KA A 120/240 V DSA-2030 CORRIENTE NOMINAL: 30 A. | H113: un | I113: 9 | K113: =I113*J113 -> 0
C114: 7.12 | D114: 7.12 | E114: 7.12 | F114: 7.12 | G114: CORTACIRCUITOS ATORNILLABLES TERMOMAGNÉTICOS AUTOMÁTICOS MONOPOLARES, 10 KA A 120/240 V DSA-1020 CORRIENTE NOMINAL: 20 A. | H114: un | I114: 12 | K114: =I114*J114 -> 0
... C134: 7.32 | D134: 7.32 | E134: 7.32 | F134: 7.32 | G134: CABLE ANTIFLAMA 2X16 FPLR/FRL OS 300 V PVS TC SR, PARA SISTEMAS CONTRAINCENDIOS, INCLUYE TODOS LOS ACCERORIOS PARA SU CORRECTA INSTALACIÓN Y PUESTA EN SERVICIO. | H134: ML | I134: 1853 | K134: =I134*J134 -> 0
C135: Subtotal | K135: =+SUM(K103:K134) -> 0
C136: 8 | D136: PAÑETES O REPELLOS
C137: 8.01 | D137: 8.01 | E137: 8.01 | F137: 8.01 | G137: PAÑETE IMPERMEABILIZADO MUROS 1:3 - E= 15 MM. INCLUYE SU APLICACIÓN EN FILOS, CARTERAS Y DILATACIONES, INTERNO Y EXTERNO | H137: m² | I137: 520 | K137: =I137*J137 -> 0
C138: Subtotal | K138: =+SUM(K137:K137) -> 0
C139: 9 | D139: CIELORRASO
C140: 9.01 | D140: 9.01 | E140: 9.01 | F140: 9.01 | G140: CIELO RASO PVC 9 MM (INCLUYE ESTRUCTURA Y COMPUERTAS PARA INSPECCION) Y TODOS LOS ACCESORIOS PARA SU CORRECTA INSTALACIÓN | H140: m² | I140: 750 | K140: =I140*J140 -> 0
...

Sheet AIU
A1: ADMINISTRACION, IMPREVISTOS Y UTILIDADES (A.I.U.)
C3: =+'PRESUPUESTO OFICIAL (Entidad)'!C10 -> PROCESO DE SELECCIÓN ABREVIADA No. 076-00-J-EMAVI-GRUAL-2026 CUYO OBEJTO ES: OBRA PÚBLICA PARA EL MANTENIMIENTO Y ADECUACIÓN DE LOS ALOJAMIENTOS DE CADETES DE LA ESCUELA MILITAR DE AVIACIÓN MARCO FIDEL SUÁREZ
A5: COSTO DIRECTO OBRA CIVIL | D5: 1.4421881e+09 | F5: TIEMPO DE EJECUCIÓN EN MESES | H5: 1.75
F6: IVA | H6: 0.19
F7: FECHA: | H7: 46275
A9: COSTO DEL PERSONAL ADMINISTRATIVO DE LA OBRA + PRESTACIONES SOCIALES 2025
A10: PROFESIONAL | C10: CATEGORIA | D10: CANTIDAD | E10: SALARIO | F10: MESES | G10: DEDICACIÓN / MES | H10: VALOR TOTAL
A11: PERSONAL PROFESIONAL
A12: RESIDENTE DE OBRA - ARQUITECTO | C12: RESIDENTE PERFIL 3 | D12: 1 | E12: 11136710 | F12: =+H5 -> 1.75 | G12: 1 | H12: =IFERROR(D12*E12*F12*G12," ") -> 19489243
A13: RESIDENTE ADMINISTRATIVO - INGENIERO CIVIL | C13: RESIDENTE PERFIL 3 | D13: 1 | E13: 11136710 | F13: =+H5 -> 1.75 | G13: 1 | H13: =IFERROR(D13*E13*F13*G13," ") -> 19489243
A14: GESTOR SISO | C14: PROFESIONAL PERFIL 1 | D14: 1 | E14: 8659035 | F14: =+H5 -> 1.75 | G14: 1 | H14: =IFERROR(D14*E14*F14*G14," ") -> 15153311
H15: =IFERROR(D15*E15*F15*G15," ") -> 0
H16: =IFERROR(D16*E16*F16*G16," ") -> 0
A17: TOTAL SALARIOS | H17: =SUM(H12:H16) -> 54131797 | J17: =+H17*2/3 -> 36087865 | K17: =+H17 -> 54131797
A19: IMPUESTOS OBRA CIVIL
E20: CONTRIBUCIÓN ESPECIAL (ART. 6. LEY 1106/2006, VIGENTE PERMANENTEMENTE POR EL PARÁGRAFO DEL ART. 8, LEY 1738/2014) | F20: =D5+I69 -> 1.7249692e+09 | G20: 0.05 | H20: =F20*G20 -> 86248460
E21: ESTAMPILLA UNIVERSIDAD NACIONAL (1697 DEL 2013) | F21: =F20 -> 1.7249692e+09 | G21: 0.005 | H21: =F21*G21 -> 8624846
E22: I.C.A. OBRA | F22: =+F21 -> 1.7249692e+09 | G22: 7,12X1000 | H22: =F22*7.12/1000 -> 12281781
E23: IMPUESTO FIC | F23: =+F22 -> 1.7249692e+09 | G23: 0.0025 | H23: =G23*F23 -> 4312423
A24: IMPUESTOS EQUIPOS
A25: I.C.A. EQUIPOS | G25: 11,04X1000 | H25: =E25*11.04/1000 -> 0
A26: TOTAL GASTOS IMPUESTOS | H26: =SUM(H20:H25) -> 1.1146751e+08 | J26: =+H26 -> 1.1146751e+08 | K26: =+H26 -> 1.1146751e+08
A28: GASTOS GENERALES
A29: DESCRIPCION | E29: UNIDAD | F29: VALOR UNITARIO | G29: CANTIDAD | H29: VALOR TOTAL
A30: COSTO MENSUAL DE SERVICIOS PUBLICOS
A31: SERVICIO DE INTERNET / CELULAR | E31: Ms | F31: 75000 | G31: =+H5 -> 1.75 | H31: =F31*G31 -> 131250
A32: TOTAL GASTOS GENERALES | H32: =+SUM(H31:H31) -> 131250 | J32: =+H32*2/3 -> 87500 | K32: =+H32 -> 131250
B34: COSTOS DE LEGALIZACIÓN DE CONTRATO / POLIZAS
A35: ITEM | G35: % | H35: VALOR TOTAL
A36: CUMPLIMIENTO DEL CONTRATO | G36: 0.3 | H36: 501584
A37: SALARIOS Y PRESTACIONES SOCIALES | G37: 0.1 | H37: 1361752
A38: ESTABILIDAD DE OBRA | G38: 0.5 | H38: 4215441
A39: CALIDAD Y CORRECTO FUNCIONAMIENTO DE LOS EQUIPOS | H39: 0
A40: GASTOS DE EXPEDICION | H40: 7000
A41: IVA 19% | H41: =+SUM(H36:H40)*0.19 -> 1156297.6
A42: ITEM | G42: SUBTOTAL | H42: =+SUM(H36:H41) -> 7242074.6 | J42: =+H42 -> 7242074.6 | K42: =+H42 -> 7242074.6
A43: RESPONSABILIDAD CIVIL | C43: 200SMLV. | H43: 175463
A44: GASTOS DE EXPEDICION | H44: 7000
A45: IVA 19% | H45: 34668
G46: SUBTOTAL | H46: =+SUM(H43:H45) -> 217131 | J46: =+H46 -> 217131 | K46: =+H46 -> 217131
A47: TOTAL COSTOS DE LEGALIZACIÓN DEL CONTRATO | H47: =H46+H42 -> 7459205.6
B50: COSTOS DE DOTACION DE CAMPAMENTO
A51: ITEM | D51: UNIDAD | E51: CANTIDAD | F51: VALOR UNITARIO | G51: RENDIMIENTO | H51: VALOR TOTAL
A52: COMPUTADOR | D52: Un | E52: 2 | F52: 2500000 | G52: 1 | H52: =E52*F52*G52 -> 5000000
A53: IMPRESORA MULTIFUNCIONAL | D53: Un | E53: 1 | F53: 400000 | G53: 1 | H53: =F53*E53 -> 400000
A54: ESCRITORIO | D54: Un | E54: 2 | F54: 250000 | G54: 1 | H54: =F54*E54 -> 500000
A55: SILLA PARA OFICINA- ESCRITORIO | D55: Un | E55: 2 | F55: 80000 | G55: 1 | H55: =F55*E55 -> 160000
H56: =F56*E56 -> 0
A57: TOTAL DE DOTACION DE CAMPAMENTO | H57: =+SUM(H52:H56) -> 6060000
B59: OTROS GASTOS GENERALES
A60: ITEM | D60: UNIDAD | E60: CANTIDAD | F60: VALOR UNITARIO | G60: RENDIMIENTO | H60: VALOR TOTAL
A61: MATERIALES MENORES/VARIOS (CAMILLAS, BOTIQUIN,SEÑALIZACION, TAPAOIDOS, GUANTES CARNAZA, TRANSPORTE INTERNO , ETC) | D61: Gl | E61: 1 | F61: 11000000 | G61: 1 | H61: =E61*F61*G61 -> 11000000
A62: GASTOS DE PAPELERIA (RESMAS PAPEL, TINTAS IMPRESORA, ETC.) | D62: Gl | E62: 1 | F62: 6000000 | G62: 1 | H62: =E62*F62*G62 -> 6000000
A63: TOTAL GASTOS GENERALES | H63: =+SUM(H61:H62) -> 17000000
A65: TOTAL ADMINISTRACION (A) | G65: 0.137 | H65: =ROUND(G65*$D$5,4) -> 1.9757978e+08 | I65: =+H17+H32+H47+H57+H63+H26 -> 1.9624976e+08
A66: IMPREVISTOS (I) | G66: 0.01 | H66: =ROUND(G66*$D$5,4) -> 14421881 | I66: =G66*D5 -> 14421881
A67: UTILIDAD (U) | G67: 0.05 | H67: =ROUND(G67*$D$5,4) -> 72109407 | I67: =G67*D5 -> 72109407
A68: IVA SOBRE UTILIDAD (19%) | G68: 0.19 | H68: =ROUND(G68*H67,4) -> 13700787 | I68: =G68*I67 -> 13700787
A69: TOTAL (A+I+U) | G69: =SUM(G65:G67) -> 0.197 | H69: =+SUM(H65:H67) -> 2.8411107e+08 | I69: =+SUM(I65:I67) -> 2.8278105e+08
A70: TOTAL (A+I+U) + IVA SOBRE UTILIDAD | H70: =+H68+H69 -> 2.9781185e+08 | I70: =ROUND(I69+I68,2) -> 2.9648184e+08 | K70: =178-154 -> 24
B72: COMITÉ ESTRUCTURADOR COSTOS Y PRESUPUESTOS:
B77: CTO RENATTO TRUJILLO BADILLO
B78: COMITÉ ESTRUCTURADOR TÉCNICO
C82: Salario Minimo | D82: 1750905
C83: Aux trasporte | D83: 249095
C84: Minimo + Aux trasporte | D84: =+D82+D83 -> 2000000
C85: Factor prestacional | D85: 1,65 (2 o más salarios) | E85: 1,68 (menos de 2 salarios)
C86: DESCRIPCIÓN | D86: SALARIO BASICO | E86: PRESTACIONES | F86: SALARIO+PRESTACIONES SOCIALES | G86: CANT DE SALARIOS | H86: AÑOS DE EXPERIENCIA
B87: PERSONAL PROFESIONAL DE OBRA | C87: DIRECTOR PERFIL 1 | D87: 12082370 | E87: 1.65 | F87: =D87*E87 -> 19935911 | G87: 6.2733117 | H87: (Magister con experiencia en el area de formacion (Superior a 6 años)) | I87: 17176960 | J87: =+F87/I87 -> 1.1606193
C88: DIRECTOR PERFIL 2 | D88: 7593334.6 | E88: 1.65 | F88: =D88*E88 -> 12529002 | G88: 3.9425506 | H88: (Magister con experiencia en el area de formacion (entre a 3-6 años))
C89: DIRECTOR PERFIL 3 | D89: 6208598.5 | E89: 1.65 | F89: =D89*E89 -> 10244187 | G89: 3.2235789 | H89: (Magister con experiencia en el area de formacion (entre 1-3 años))
C90: RESIDENTE PERFIL 1 | D90: 6208598.5 | E90: 1.65 | F90: =D90*E90 -> 10244187 | G90: 3.2235789 | H90: (Profesional con experiencia en el area de formacion (superior a 6 años)) | I90: 8659035 | J90: =+F90/I90 -> 1.1830634
C91: RESIDENTE PERFIL 2 | D91: 5371531.2 | E91: 1.65 | F91: =D91*E91 -> 8863026.5 | G91: 2.7889635 | H91: (Profesional con experiencia en el area de formacion (entre a 3-6 años))
C92: RESIDENTE PERFIL 3 | D92: 3965101.4 | E92: 1.65 | F92: =D92*E92 -> 6542417.4 | G92: 2.0587283 | H92: (Profesional con experiencia en el area de formacion (entre 1-3 años)) | I92: 11136710 | J92: =+F92/I92 -> 0.58746411
B93: PERSONAL ASESOR PROFESIONAL | C93: ESPECIALISTA PERFIL 1 | D93: 8370672.8 | E93: 1.65 | F93: =D93*E93 -> 13811610 | G93: 4.3461538 | H93: ( Especialista con experiencia en el area de formacion (Superior a 6 Años ))
C94: ESPECIALISTA PERFIL 2 | D94: 6696538.2 | E94: 1.65 | F94: =D94*E94 -> 11049288 | G94: 3.4769231 | H94: ( Especialista con experiencia en el area de formacion (Entre 3- 6 años))
C95: PROFESIONAL PERFIL 1 | D95: 6696538.2 | E95: 1.65 | F95: =D95*E95 -> 11049288 | G95: 3.4769231 | H95: (Profesional con experiencia en el area de formacion (superior a 6 años))
C96: PROFESIONAL PERFIL 2 | D96: 5022403.6 | E96: 1.65 | F96: =D96*E96 -> 8286966 | G96: 2.6076923 | H96: (Profesional con experiencia en el area de formacion (entre a 3-6 años))
C97: PROFESIONAL PERFIL 3 | D97: 3622273.6 | E97: 1.65 | F97: =D97*E97 -> 5976751.4 | G97: 1.7384615 | H97: (Profesional con experiencia en el area de formacion (entre 1-3 años))
B98: PERSONAL TECNICO Y TECNICO AUXILIAR | C98: TECNÓLOGO PERFIL 1 | D98: 2908255.2 | E98: 1.68 | F98: =D98*E98 -> 4885868.8 | G98: 1.3677346 | H98: ( Tecnologo con experiencia en el area de formacion (Entre 3-6 años))
C99: TECNÓLOGO PERFIL 2 | D99: 2676539.8 | E99: 1.68 | F99: =D99*E99 -> 4496586.8 | G99: 1.2474252 | H99: ( Tecnologo con experiencia en el area de formacion (Entre 1-2 años))
C100: TECNICO PERFIL 1 | D100: 2509126.3 | E100: 1.68 | F100: =D100*E100 -> 4215332.2 | G100: 1.1605021 | H100: ( Tecnico con experiencia en el area de formacion (Entre 3-5 años))
C101: TECNICO PERFIL 2 | D101: 2381405.1 | E101: 1.68 | F101: =D101*E101 -> 4000760.5 | G101: 1.0941877 | H101: ( Tecnico con experiencia en el area de formacion (Entre 1-2 años))
B102: PERSONAL ADMINISTRATIVO/ ASISTENCIAL | C102: PERSONAL ADM. PERFIL 1 | D102: 2200000 | E102: 1.68 | F102: =D102*E102 -> 3696000 | G102: 1 | H102: N/A
C103: PERSONAL ADM. PERFIL 2 | D103: 2200000 | E103: 1.68 | F103: =D103*E103 -> 3696000 | G103: 1 | H103: N/A
D106: =+D87*1.1 -> 13290607
D107: =+D88*1.1 -> 8352668.1
D108: =+D89*1.1 -> 6829458.3
D109: =+D90*1.1 -> 6829458.3
D110: =+D91*1.1 -> 5908684.3
D111: =+D92*1.1 -> 4361611.6
D112: =+D93*1.1 -> 9207740
D113: =+D94*1.1 -> 7366192
D114: =+D95*1.1 -> 7366192
D115: =+D96*1.1 -> 5524644
D116: =+D97*1.1 -> 3984501
D117: =+D98*1.1 -> 3199080.7
... D122: =+D103*1.1 -> 2420000

Sheet APU ALOJAMIENTOS
G4: Capitulo | J4: 01 PRELIMINARES
A5: OBRA PÚBLICA PARA EL MANTENIMIENTO Y ADECUACIÓN DE LOS ALOJAMIENTOS DE CADETES DE LA ESCUELA MILITAR DE AVIACIÓN MARCO FIDEL SUÁREZ | G5: Actividad | J5: 01.01 DESMONTE DE VIDRIOS Y/O ESPEJOS
G6: U.M. | J6: m²
A8: 1 | C8: Materiales
A10: Descripción | F10: U.M. | K10: Vr. Unitario | M10: Cantidad | O10: Vr. Parcial
A11: LONA PARA ESCOMBRO- POLIPROPILENO | F11: Unidad | K11: 1,500 | M11: 0.38 | O11: 570
L12: Total | M12: Materiales | O12: 570
A13: 2 | C13: Equipo
A15: Descripción | F15: U.M. | K15: Vr. Unitario | M15: Cantidad | O15: Vr. Parcial
A16: HERRAMIENTA MENOR | F16: Porcentaje | K16: 3,275 | M16: 5.00 | O16: 164
L17: Total | M17: Equipo | O17: 164
A18: 3 | C18: Mano de Obra
A20: Descripción | F20: U.M. | K20: Vr. Unitario | M20: Cantidad | O20: Vr. Parcial
A21: AYUDANTE ALBAÑILERIA (A) | F21: Hora Hombre | K21: 13,644 | M21: 0.24 | O21: 3,275
L22: Total | M22: Mano de Obra | O22: 3,275
A23: 4 | C23: Transporte
A25: Descripción | F25: U.M. | K25: Vr. Unitario | M25: Cantidad | O25: Vr. Parcial
A26: RETIRO DE SOBRANTES EN VOLQUETA | F26: Metro Cubico | K26: 35,000 | M26: 0.03 | O26: 1,050
L27: Total | M27: Transporte | O27: 1,050
I29: Total Costos Directos Actividad: | N29: 5059
I30: Costo total con AIU | N30: =+ROUND(N29*(1+AIU!$G$69),0) -> 6056
G34: Capitulo | J34: 01 PRELIMINARES
A35: OBRA PÚBLICA PARA EL MANTENIMIENTO Y ADECUACIÓN DE LOS ALOJAMIENTOS DE CADETES DE LA ESCUELA MILITAR DE AVIACIÓN MARCO FIDEL SUÁREZ | G35: Actividad | J35: 01.02 DESMONTE, RETIRO Y TRANSPORTE A SITIO AUTORIZADO DE ACCESORIOS DEL PUNTO HIDRAULICO EXISTENTE EN EL SITIO A INTERVENINR (GRIFERIAS LAVAMANOS, DUCHAS, GRIFERIA LAVAPLATOS, GRIFERIA LAVADERO, LLAVES TIPO JARDIN Y OTROS), INCLUYE RETIRO DE SOBRANTES
G36: U.M. | J36: un
A38: 1 | C38: Materiales
A40: Descripción | F40: U.M. | K40: Vr. Unitario | M40: Cantidad | O40: Vr. Parcial
F41: Hora Hombre | O41: 0
L42: Total | M42: Materiales | O42: 0
A43: 2 | C43: Equipo
A45: Descripción | F45: U.M. | K45: Vr. Unitario | M45: Cantidad | O45: Vr. Parcial
A46: HERRAMIENTA MENOR | F46: Porcentaje | K46: 6,823 | M46: 5.00 | O46: 341
L47: Total | M47: Equipo | O47: 341
A48: 3 | C48: Mano de Obra
A50: Descripción | F50: U.M. | K50: Vr. Unitario | M50: Cantidad | O50: Vr. Parcial
A51: CUADRILLA ALBAÑILERIA (2 AYUDANTES) | F51: Hora Hombre | K51: 27,290 | M51: 0.25 | O51: 6,823
L52: Total | M52: Mano de Obra | O52: 6,823
A53: 4 | C53: Transporte
A55: Descripción | F55: U.M. | K55: Vr. Unitario | M55: Cantidad | O55: Vr. Parcial
A56: RETIRO DE SOBRANTES EN VOLQUETA | F56: Metro Cubico | K56: 35,000 | M56: 0.10 | O56: 3,500
L57: Total | M57: Transporte | O57: 3,500
I59: Total Costos Directos Actividad: | N59: 10,664
I60: Costo total con AIU | N60: =+ROUND(N59*(1+AIU!$G$69),0) -> 12765
G64: Capitulo | J64: 01 PRELIMINARES
A65: OBRA PÚBLICA PARA EL MANTENIMIENTO Y ADECUACIÓN DE LOS ALOJAMIENTOS DE CADETES DE LA ESCUELA MILITAR DE AVIACIÓN MARCO FIDEL SUÁREZ | G65: Actividad | J65: 01.03 DESMONTE DE BARANDA METÁLICA
G66: U.M. | J66: ML
A68: 1 | C68: Materiales
A70: Descripción | F70: U.M. | K70: Vr. Unitario | M70: Cantidad | O70: Vr. Parcial
F71: Hora Hombre | O71: 0
L72: Total | M72: Materiales | O72: 0
A73: 2 | C73: Equipo
A75: Descripción | F75: U.M. | K75: Vr. Unitario | M75: Cantidad | O75: Vr. Parcial
A76: HERRAMIENTA MENOR | F76: Porcentaje | K76: 10,865 | M76: 5.00 | O76: 543
L77: Total | M77: Equipo | O77: 543
A78: 3 | C78: Mano de Obra
A80: Descripción | F80: U.M. | K80: Vr. Unitario | M80: Cantidad | O80: Vr. Parcial
A81: CUADRILLA INSTALACIONES (OFICIAL + 2 AYUDANTES) | F81: Hora Hombre | K81: 54,327 | M81: 0.20 | O81: 10,865
L82: Total | M82: Mano de Obra | O82: 10,865
A83: 4 | C83: Transporte
A85: Descripción | F85: U.M. | K85: Vr. Unitario | M85: Cantidad | O85: Vr. Parcial
F86: Hora Hombre | O86: 0
L87: Total | M87: Transporte | O87: 0
I89: Total Costos Directos Actividad: | N89: 11,408
I90: Costo total con AIU | N90: =+ROUND(N89*(1+AIU!$G$69),0) -> 13655
G93: Capitulo | J93: 01 PRELIMINARES
A94: OBRA PÚBLICA PARA EL MANTENIMIENTO Y ADECUACIÓN DE LOS ALOJAMIENTOS DE CADETES DE LA ESCUELA MILITAR DE AVIACIÓN MARCO FIDEL SUÁREZ | G94: Actividad | J94: 01.04 DEMOLICIÓN DE POYO DUCHA INCLUYE ACABADOS Y TODOS SUS ACCESORIOS, INCLUYE RETIRO
G95: U.M. | J95: ML
A97: 1 | C97: Materiales
A99: Descripción | F99: U.M. | K99: Vr. Unitario | M99: Cantidad | O99: Vr. Parcial
A100: LONA PARA ESCOMBRO- POLIPROPILENO | F100: Unidad | K100: 1,500 | M100: 1.50 | O100: 2,250
A101: MARTILLO DEMOLEDOR DE 2000W 110V | F101: Dia | K101: 55,000 | M101: 0.33 | O101: 18,150
L102: Total | M102: Materiales | O102: 20,400
A103: 2 | C103: Equipo
A105: Descripción | F105: U.M. | K105: Vr. Unitario | M105: Cantidad | O105: Vr. Parcial
A106: HERRAMIENTA MENOR | F106: Porcentaje | K106: 6,229 | M106: 5.00 | O106: 311
L107: Total | M107: Equipo | O107: 311
A108: 3 | C108: Mano de Obra
A110: Descripción | F110: U.M. | K110: Vr. Unitario | M110: Cantidad | O110: Vr. Parcial
A111: OFICIAL ALBAÑILERIA (A) | F111: Hora Hombre | K111: 18,876 | M111: 0.33 | O111: 6,229
L112: Total | M112: Mano de Obra | O112: 6,229
A113: 4 | C113: Transporte
A115: Descripción | F115: U.M. | K115: Vr. Unitario | M115: Cantidad | O115: Vr. Parcial
A116: ACARREO / RETIRO DE SOBRANTES | F116: Metro Cubico | K116: 25,905 | M116: 0.10 | O116: 2,591
L117: Total | M117: Transporte | O117: 2,591
I119: Total Costos Directos Actividad: | N119: 29,531
I120: Costo total con AIU | N120: =+ROUND(N119*(1+AIU!$G$69),0) -> 35349
G124: Capitulo | J124: 01 PRELIMINARES
A125: OBRA PÚBLICA PARA EL MANTENIMIENTO Y ADECUACIÓN DE LOS ALOJAMIENTOS DE CADETES DE LA ESCUELA MILITAR DE AVIACIÓN MARCO FIDEL SUÁREZ | G125: Actividad | J125: 01.05 ESCARIFICACIÓN DE PINTURA EN PAREDES Y ESTRUCTURA DE CONCRETO MENOS DE 1MM, INCLUYE PULIDO Y LIJADO CON DISCO DIAMANTADO
G126: U.M. | J126: m²
A128: 1 | C128: Materiales
A130: Descripción | F130: U.M. | K130: Vr. Unitario | M130: Cantidad | O130: Vr. Parcial
A131: PULIDORA 4-1/2 850W PROFESIONAL | F131: Unidad | K131: 172,782 | M131: 0.00 | O131: 0
A132: DISCO DIAMANTANDO CONTINUO 4 1/2 | F132: Unidad | K132: 34,900 | M132: 0.01 | O132: 349
L133: Total | M133: Materiales | O133: 349
A134: 2 | C134: Equipo
A136: Descripción | F136: U.M. | K136: Vr. Unitario | M136: Cantidad | O136: Vr. Parcial
A137: HERRAMIENTA MENOR | F137: Porcentaje | K137: 1,637 | M137: 5.00 | O137: 82
L138: Total | M138: Equipo | O138: 82
A139: 3 | C139: Mano de Obra
A141: Descripción | F141: U.M. | K141: Vr. Unitario | M141: Cantidad | O141: Vr. Parcial
A142: AYUDANTE ALBAÑILERIA (A) | F142: Hora Hombre | K142: 13,644 | M142: 0.12 | O142: 1,637
...
